 Dungeon Crawl Stone Soup version 0.17-a0-802-g1f09329 (webtiles) character file.

153 RobertPalmer the Cutter (level 5, -2/30 HPs)
             Began as a Kobold Hunter on Apr 26, 2015.
             Was an Initiate of Okawaru.
             Slain by a killer bee (5 damage)
             ... on level 4 of the Dungeon.
             The game lasted 00:06:27 (3817 turns).

RobertPalmer the Cutter (Kobold Hunter)             Turns: 3817, Time: 00:06:27

Health: -2/30      AC:  4    Str:  8 (11) XL:     5   Next: 61%
Magic:  5/5        EV: 14    Int: 10      God:    Okawaru [......]
Gold:   204        SH:  0    Dex: 16      Spells: 0 memorised, 4 levels left

rFire  + . .     SeeInvis .     a - +0 short sword
rCold  + . .     Clarity  .     d - +1 leather armour
rNeg   . . .     SustAb   .     (shield restricted)
rPois  +         Gourm    .     (no helmet)
rElec  +         Spirit   .     (no cloak)
rCorr  +         Warding  .     (no gloves)
rMut   .         Stasis   .     (no boots)
MR     .....                    (no amulet)
Stlth  ++........               (no ring)
                                k - ring of poison resistance {rPois, !d}

@: lethally poisoned (-2 -> -4), resistant, not resistant to hostile
enchantments, unstealthy
A: carnivore 3
a: Renounce Religion


You were on level 4 of the Dungeon.
You worshipped Okawaru.
Okawaru was noncommittal.
You were not hungry.

You visited 2 branches of the dungeon, and saw 5 of its levels.

You collected 204 gold pieces.

Inventory:

Hand weapons
 a - a +0 short sword (weapon)
 b - a +1 hand crossbow
Missiles
 c - 15 bolts
Armour
 d - a +1 leather armour (worn)
Jewellery
 k - a ring of poison resistance (left hand) {rPois, !d}
   (You found it on level 3 of the Dungeon)
Magical devices
 q - a wand of slowing (19)
   (You found it on level 4 of the Dungeon)
Scrolls
 h - a scroll of recharging
 i - 3 scrolls of identify
 m - a scroll of enchant weapon {unknown}
 p - a scroll of magic mapping {!r}
Potions
 j - a potion of restore abilities
 o - a potion of cancellation {unknown}
Books
 r - a book of Geomancy
   (You found it on level 4 of the Dungeon)
Comestibles
 f - a slice of pizza
 l - a meat ration {@e2}
 n - 3 beef jerkies


   Skills:
 - Level 2.1 Fighting
 + Level 6.4 Short Blades
 - Level 4.8 Crossbows
 - Level 2.4 Dodging
 - Level 1.3 Stealth


You had 4 spell levels left.
You didn't know any spells.

Dungeon Overview and Level Annotations

Branches:
Dungeon (4/15)             Temple (1/1) D:4

Altars:
Ashenzari
Cheibriados
Dithmenos
Elyvilon
Fedhas
Gozag
Kikubaaqudgha
Nemelex Xobeh
Okawaru
Qazlal
Ru
Sif Muna
Trog
Vehumet
Xom


Innate Abilities, Weirdness & Mutations

You are small and have problems with some larger weapons.
You are carnivorous and can eat meat at any time.


Message History

You barely miss the orc. You barely miss the orc. The orc closely misses you.
You barely miss the orc. The orc hits you but does no damage.
You hit the orc but do no damage. The orc hits you with a whip.
You take 2 damage, and have 28/30 hp.
You closely miss the orc. You puncture the orc!
You kill the orc!
Okawaru accepts your kill.
You hit the orc. The orc misses you.
You barely miss the orc. You hit the orc but do no damage. The orc hits you.
You take 2 damage, and have 26/30 hp.
You hit the orc.
You kill the orc!
Okawaru accepts your kill.
No target in view!
No target in view!
Things that are here:
a whip; an orc corpse; an orc corpse You see here a mace.
You see here a mace.
Things that are here:
a whip; an orc corpse; an orc corpse
Found an escape hatch in the ceiling.
Found a stone staircase leading down.
You regained 2 hp, and now have 29/30 hp.
A killer bee comes into view.
Health restored: 30 A killer bee is nearby!
A killer bee is nearby!
A killer bee is nearby! 2 killer bees come into view.
The killer bee buzzes angrily.
The killer bee moves out of view.
A killer bee comes into view.
Unknown command.
A killer bee comes into view.
The killer bee barely misses you. The killer bee stings you.
You are poisoned.
The killer bee poisons you!
You take 4 damage, and have 26/30 hp.
You feel sick.
You take 1 damage, and have 25/30 hp.
Drink which item? (? for menu, Esc to quit)
Okay, then.
Aim: a killer bee (chance 61%)
The killer bee seems to slow down.
Evoking this partially-identified wand wasted a few charges.
You feel sick. The killer bee misses you. The killer bee closely misses you.
You take 1 damage, and have 24/30 hp.
You hit the killer bee but do no damage.
The killer bee barely misses you.
You barely miss the killer bee.
You feel sick. The killer bee closely misses you.
You take 1 damage, and have 23/30 hp.
You hit the killer bee. The killer bee completely misses you.
You barely miss the killer bee. The killer bee stings you.
You take 1 damage, and have 22/30 hp.
You barely miss the killer bee.
You feel sick. The killer bee closely misses you.
You take 1 damage, and have 21/30 hp.
You hit the killer bee. The killer bee barely misses you.
You hit the killer bee.
You feel sick. The killer bee closely misses you.
You take 1 damage, and have 20/30 hp.
You hit the killer bee. The killer bee completely misses you.
You hit the killer bee but do no damage.
The killer bee misses you.
You closely miss the killer bee. The killer bee stings you.
You take 3 damage, and have 17/30 hp.
You hit the killer bee.
You feel sick. The killer bee misses you.
You take 1 damage, and have 16/30 hp.
You hit the killer bee but do no damage.
The killer bee stings you.
You take 1 damage, and have 15/30 hp.
You hit the killer bee. The killer bee stings you.
You take 3 damage, and have 12/30 hp.
You miss the killer bee. The killer bee stings you.
* * * LOW HITPOINT WARNING * * *
You take 3 damage, and have 9/30 hp.
You hit the killer bee but do no damage.
You feel sick. The killer bee barely misses you.
You take 1 damage, and have 8/30 hp.
Unknown command.
You hit the killer bee. The killer bee completely misses you.
You closely miss the killer bee. The killer bee stings you.
* * * LOW HITPOINT WARNING * * *
You take 5 damage, and have 3/30 hp.
Unknown command.
Drink which item? (? for menu, Esc to quit)
It was a potion of degeneration.
There was something very wrong with that liquid.
You feel weakened. The killer bee barely misses you.
Drink which item? (? for menu, Esc to quit)
It was a potion of resistance.
You feel protected. The killer bee stings you.
You die...

### #### #.## #### #### #..#
##.###..# ....####.# ##.##..##
.# #.....## ##).#..# #...
###..y@#.# ###)####..
#..##....###.## ##..## ##.
##.....### ##.###..## ##
.##.......#####.....## #
..............##....## ##
....................### ##.
.............<........######..
...#............###.....##...
$...#...........# ####.......


You could see a killer bee.

Vanquished Creatures
  A hound (D:4)
  3 adders
  An ooze (D:1)
  6 worms
  7 orcs
  3 giant cockroaches
  7 goblins
  6 hobgoblins
  13 kobolds
  3 ball pythons
  8 bats
  5 giant newts
  11 rats
74 creatures vanquished.

Notes
Turn   | Place    | Note
--------------------------------------------------------------
     0 | D:1      | RobertPalmer, the Kobold Hunter, began the quest for the Orb.
     0 | D:1      | Reached XP level 1. HP: 12/12 MP: 1/1
   134 | D:1      | Reached skill level 1 in Short Blades
   443 | D:1      | Reached skill level 2 in Short Blades
   443 | D:1      | Reached XP level 2. HP: 15/17 MP: 2/2
  1224 | D:1      | Reached skill level 3 in Short Blades
  1263 | D:1      | Reached XP level 3. HP: 13/21 MP: 3/3
  1837 | D:2      | Reached skill level 4 in Short Blades
  1882 | D:2      | Reached XP level 4. HP: 12/26 MP: 4/4
  1886 | D:2      | HP: 3/26 [adder (5)]
  2451 | D:2      | Reached skill level 5 in Short Blades
  2745 | D:3      | HP: 6/26 [poisoned by an adder]
  3151 | D:3      | Found an ancient bone altar of Kikubaaqudgha.
  3159 | D:3      | Reached XP level 5. HP: 24/30 MP: 5/5
  3528 | D:4      | Reached skill level 6 in Short Blades
  3531 | D:4      | Found a white marble altar of Elyvilon.
  3532 | D:4      | Found a snail-covered altar of Cheibriados.
  3533 | D:4      | Found a stormy altar of Qazlal.
  3638 | D:4      | Found a staircase to the Ecumenical Temple.
  3646 | Temple   | Entered the Ecumenical Temple
  3686 | Temple   | Became a worshipper of Warmaster Okawaru
  3815 | D:4      | HP: 3/30 [killer bee (5)]
  3817 | D:4      | Slain by a killer bee

Action                   |  1- 3 |  4- 6 || total
-------------------------+-------+-------++-------
Melee: Short sword       |   112 |   162 ||   274
 Fire: Hand crossbow     |     9 |    31 ||    40
Evoke: Wand              |       |     1 ||     1
  Use: Scroll            |     8 |     2 ||    10
       Potion            |       |     4 ||     4
 Stab: Sleeping          |     1 |     3 ||     4
  Eat: Chunk             |     2 |     1 ||     3
       Meat ration       |     2 |       ||     2

Vault maps used:
D:1:      nagdon_arrival_double_spiral, kennysheep_boxes
D:2:      first_bread
D:3:      overflow_temple_1_default
D:4:      grunt_temple_overflow_open, minmay_temple_entry_statues_fountains
Temple:   triangle_lava_temple_11

Table legend:
 A = Turns spent in this place as a percentage of turns spent in the entire game.
 B = Non-inter-level travel turns spent in this place as a percentage of non-inter-level travel turns spent in the entire game.
 C = Inter-level travel turns spent in this place as a percentage of turns spent in this place.
 D = Turns resting spent in this place as a percentage of non-inter-level travel turns spent in this place.
 E = Turns spent auto-exploring this place as a percentage of non-inter-level travel turns spent in this place.
 F = Non-inter-level travel turns spent in this place divided by the number of levels of this place that you've seen.
                   A       B       C       D       E      F
               +-------+-------+-------+-------+-------+----------------------
         Total | 100.0 | 100.0 |   0.4 |   1.9 |   9.0 | 216.4
       Dungeon |  96.6 |  96.7 |   0.3 |   2.0 |   9.3 | 261.5
        Temple |   3.4 |   3.3 |   2.7 |   0.0 |   0.0 |  36.0
               +-------+-------+-------+-------+-------+----------------------

Table legend:
 A = Kills in this place as a percentage of kills in entire the game.
 B = Kills by you in this place as a percentage of kills by you in the entire game.
 C = Kills by friends in this place as a percentage of kills by friends in the entire game.
 D = Other kills in this place as a percentage of other kills in the entire game.
 E = Experience gained in this place as a percentage of experience gained in the entire game.
 F = Experience gained in this place divided by the number of levels of this place that you have seen.
                   A       B       C       D       E      F
               +-------+-------+-------+-------+-------+----------------------
         Total | 100.0 | 100.0 |  -nan |  -nan | 100.0 |  43.8
       Dungeon | 100.0 | 100.0 |  -nan |  -nan | 100.0 |  54.8
               +-------+-------+-------+-------+-------+----------------------
